 Dungeon Crawl Stone Soup version 0.29.1-2-gbd0b4ee654 (webtiles) character file.

Game seed: 11188735980252434591

257 Icepheonix32 the Ruffian (level 5, -2/60 HPs)
             Began as a Demigod Transmuter on Nov 9, 2022.
             Slain by an orc priest
             ... wielding a +0 club
              (4 damage)
             ... on level 3 of the Dungeon.
             The game lasted 00:05:08 (2682 turns).

Icepheonix32 the Ruffian (Demigod Transmuter)       Turns: 2682, Time: 00:05:09

Health: -2/60      AC: 22    Str: 15    XL:     5   Next: 61%
Magic:  11/11      EV:  2    Int: 15    God:
Gold:   66         SH:  0    Dex: 14    Spells: 8/9 levels left

rFire   . . .      SeeInvis .     - Unarmed
rCold   . . .      Faith    .   (no shield)
rNeg    . . .      Spirit   .   (body armour currently unavailable)
rPois   +          Reflect  .   (helmet currently unavailable)
rElec   .          Harm     .   (cloak currently unavailable)
rCorr   .          Rampage  .   (gloves currently unavailable)
Will    .....      NoTele   +   (boots currently unavailable)
Stlth   ++........              (no amulet)
HPRegen 0.20/turn               (no ring)
MPRegen 0.12/turn               (no ring)

@: tree-form
A: stationary, stasis, torment immunity, boosted hp, high MP 1, forlorn, divine
attributes
a: no special abilities


You were on level 3 of the Dungeon.
You were a tree.
You visited 1 branch of the dungeon, and saw 3 of its levels.

You collected 96 gold pieces.
You spent 30 gold pieces at shops.

Inventory:

Missiles
 l - 3 atropa-tipped darts
Armour
 a - a +0 robe (melded)
 h - a +1 pair of gloves (melded)
Scrolls
 c - 2 scrolls of teleportation
 d - 2 scrolls of identify {unknown}
 e - a scroll of blinking {unknown}
 j - a scroll of poison {unknown}
 m - a scroll of enchant weapon {unknown}
 o - a scroll of silence {unknown}
Potions
 f - 2 potions of might {unknown}
 g - 3 potions of curing
 i - a potion of mutation {unknown}
 k - a potion of degeneration {unknown}
 n - a potion of flight {unknown}


   Skills:
 + Level 1.5 Fighting
 * Level 2.8 Dodging
 + Level 1.0 Stealth
 + Level 3.7 Unarmed Combat
 + Level 2.5 Spellcasting
 * Level 3.5 Transmutations


You had 8 spell levels left.
You knew the following spells:

 Your Spells              Type           Power      Damage    Failure   Level
a - Beastly Appendage     Tmut           24%        N/A       4%          1

Your spell library contained the following spells:

 Spells                   Type           Power      Damage    Failure   Level
 Wereblood                Tmut           12%        N/A       8%          2
 Spider Form              Tmut/Pois      7%         N/A       30%         3
 Ice Form                 Ice/Tmut       7%         N/A       71%         4


Dungeon Overview and Level Annotations

Branches:
Dungeon (3/15)

Shops:
D:2 *

Annotations:
D:2 1 runed translucent door, Crazy Yiuf


Innate Abilities, Weirdness & Mutations

You are a tree.
Your roots penetrate the ground, keeping you stationary.
You cannot be teleported.
You are immune to unholy pain and torment.
Your maximum health is greatly increased.
Your equipment is partially melded.
You have an increased reservoir of magic. (+10% MP)
You shall have no god before yourself.
Your divine heritage dramatically boosts your attributes as you level up.


Message History

The rat closely misses you.
The orc wizard gestures wildly while chanting.
The orc wizard flickers and vanishes!
Deactivating autopickup; reactivate with Ctrl-A.
Really quaff the potion of lignification?
Your horns disappear.
Your talons disappear.
You turn into a tree.
Your +1 pair of gloves melds into your body.
Your +0 robe melds into your body.
Your roots penetrate the ground.
The rat bites you but does no damage.
You smack the rat!
You kill the rat!
You cannot move.
You cannot move.
You cannot move.
You closely miss something. Your punch misses something.
You smack the orc!
You kill the orc!
You smack something!
Reactivating autopickup.
You feel a bit more experienced.
The orc priest begins to cast a cantrip, but forgets the words!
Your Stealth skill increases to level 1!
You swing at nothing.
You smack the orc!
You kill the orc!
The orc priest hits you with a +0 club.
* * * LOW HITPOINT WARNING * * *
You swing at nothing.
The orc priest calls down the wrath of Beogh upon you.
Beogh smites you!
* * * LOW HITPOINT WARNING * * *
Unknown command.
You hit the orc priest but do no damage.
You punch the orc priest.
The orc priest is moderately wounded.
You hit the orc priest.
The orc priest is severely wounded.
The orc priest hits you with a +0 club.
You die...

#.# #.##.##
#.######.##.#
#...........#
########.####
#######.#####
#...........#
#.#####.###.#
#.....#
###♣..# #)o.#
...oo.....#
########..#
.## .# .# ..
##


You could see an orc priest.

Vanquished Creatures
  3 vampire bats (D:3)
  Jessica (D:2)
  An orc wizard (D:3)
  3 adders
  A dart slug (D:1)
  4 orcs (D:3)
  7 bats
  3 endoplasms
  A giant cockroach (D:1)
  4 goblins
  3 hobgoblins
  5 jackals
  3 quokkas
  7 ball pythons
  3 frilled lizards
  2 kobolds (D:1)
  6 rats
57 creatures vanquished.

Notes
Turn   | Place    | Note
-------+----------+-------------------------------------------
     0 | D:1      | Icepheonix32 the Demigod Transmuter began the quest for the
                  | Orb.
     0 | D:1      | Reached XP level 1. HP: 15/15 MP: 5/5
   564 | D:1      | Reached XP level 2. HP: 22/22 MP: 5/7
  1247 | D:2      | Noticed Jessica
  1551 | D:1      | Reached XP level 3. HP: 21/27 MP: 6/8
  1556 | D:2      | Reached skill level 1 in Fighting
  1568 | D:2      | Killed Jessica
  1822 | D:2      | Found Mazxosat's General Store.
  1836 | D:2      | Bought a potion of curing for 30 gold pieces
  2131 | D:2      | Found a runed translucent door.
  2221 | D:2      | Noticed Crazy Yiuf
  2266 | D:3      | Reached XP level 4. HP: 32/35 MP: 7/10
  2320 | D:3      | Reached XP level 5. HP: 38/40 MP: 9/11
  2678 | D:3      | Reached skill level 1 in Stealth
  2680 | D:3      | HP: 2/60 [orc priest/divine providence (10)]
  2682 | D:3      | Slain by an orc priest

Illustrated notes

Levels and vault maps discovered:
D:1:      ebering_trefoil_twist, layout_basic, serial_co_window_serial,
          co_window_paths_b, co_window_paths_b, co_window_paths_b,
          co_window_cross_1, co_window_paths_a, co_window_2corner,
          co_window_of_opportunity_b, co_window_corner_b,
          co_window_of_opportunity_b, co_window_cross_3, co_window_paths_c,
          co_window_2corner, glass_columns_c
D:2:      layout_rooms, chequers_ecumenical_altar_simple_redux, serial_shops,
          shop, dk_vineyard_1, uniq_crazy_yiuf_cottage, uniq_jessica
D:3:      minmay_razor_zed, layout_loops_ring, roderic_batcave

Skill      XL: |  1  2  3  4  5 |
---------------+----------------+-----
Dodging        | 2 |  2.8
Transmutations | 2 3 |  3.5
Unarmed Combat | 3 |  3.7
Spellcasting   | 2 |  2.5
Fighting       | 1 |  1.5
Stealth        | 1 |  1.0

Action                   |  1- 3 |  4- 6 || total
-------------------------+-------+-------++-------
Melee: Unarmed           |    78 |    58 ||   136
       Headbutt          |    10 |     3 ||    13
       Kick              |    11 |    14 ||    25
       Punch             |     2 |     4 ||     6
 Cast: Beastly Appendage |    26 |     9 ||    35
  Use: Scroll            |     5 |       ||     5
       Potion            |       |     1 ||     1
 Stab: Sleeping          |     2 |       ||     2
Armor: Robe              |    11 |    20 ||    31
       Skin              |       |     1 ||     1
Dodge: Dodged            |    59 |    41 ||   100
